 Dungeon Crawl Stone Soup version 0.32-a0-131-g9dbbe29261 (webtiles) character file.

Game seed: 1491266924414950086

1316 Newt the Skirmisher (level 8, -3/52 HPs)
             Began as a Kobold Hunter on Feb 8, 2024.
             Was an Initiate of Okawaru.
             Slain by a vampire (6 damage)
             ... on level 5 of the Dungeon.
             The game lasted 00:07:22 (5903 turns).

Newt the Skirmisher (Kobold Hunter)                 Turns: 5903, Time: 00:07:23

Health: -3/52      AC:  4    Str:  8    XL:     8   Next: 89%
Magic:  8/8        EV: 18    Int: 10    God:    Okawaru [......]
Gold:   114        SH:  0    Dex: 21    Spells: 7/7 levels left

rFire   . . .        a - +0 shortbow (flame)
rCold   + . .        (shield currently unavailable)
rNeg    . . .        c - +0 leather armour
rPois   .            l - +0 helmet
rElec   .            (no cloak)
rCorr   .            (no gloves)
SInv    +            (no boots)
Will    .....        (no amulet)
Stlth   +++          p - ring of see invisible
HPRegen 0.28/turn    (no ring)
MPRegen 0.11/turn

%: no passive effects
@: no status effects
A: small, no large weapons, nightstalker 3, talons 1, cold resistance 1
a: Renounce Religion


You were on level 5 of the Dungeon.
You worshipped Okawaru.
Okawaru was noncommittal.
You visited 2 branches of the dungeon, and saw 6 of its levels.
You also visited: Sewer.

You collected 263 gold pieces.
You spent 149 gold pieces at shops.

Inventory:

Hand Weapons
 a - a +0 shortbow of flaming (weapon)
Armour
 c - a +0 leather armour (worn)
 l - a +0 helmet (worn)
Jewellery
 p - a ring of see invisible (left hand)
 t - a +4 ring of protection
Wands
 m - a wand of flame (38)
Scrolls
 h - a scroll of blinking
 i - a scroll of poison
 j - 3 scrolls of teleportation
 n - a scroll of immolation
 o - a scroll of revelation
 q - a scroll of fog {unknown}
 s - 2 scrolls of enchant weapon
 u - a scroll of enchant armour {unknown}
 v - a scroll of noise {unknown}
Potions
 b - 2 potions of mutation
 d - a potion of brilliance {unknown}
 e - a potion of might {unknown}
 f - 2 potions of curing {unknown}
 g - 3 potions of heal wounds {unknown}
 k - a potion of haste {unknown}
 r - a potion of attraction {unknown}
 w - a potion of magic {unknown}


   Skills:
 + Level 6.8 Fighting
 - Level 10.1 Ranged Weapons
 * Level 6.4 Dodging
 - Level 1.3 Stealth


You had 7 spell levels left.
You didn't know any spells.
Your spell library contained the following spells:

 Spells                   Type           Power      Damage    Failure   Level
 Necrotise                Necr           0%         1d4       50%         1
 Sublimation of Blood     Necr           0%         N/A       63%         2
 Stone Arrow              Conj/Erth      0%         3d7       86%         3
 Vampiric Draining        Necr           0%         2d6       86%         3
 Anguish                  Hex/Necr       0%         N/A       99%         4
 Cause Fear               Hex            0%         N/A       99%         4
 Curse of Agony           Necr           0%         N/A       100%        5
 Enfeeble                 Hex            0%         N/A       100%        7
 Orb of Destruction       Conj           0%         9d5       100%        7
 Lehudib's Crystal Spear  Conj/Erth      0%         10d2      100%        8
 Call Imp                 Summ           Unusable   N/A       N/A         2
 Animate Armour           Summ/Erth      Unusable   N/A       N/A         4
 Martyr's Knell           Necr/Summ      Unusable   N/A       N/A         4
 Summon Blazeheart Golem  Fire/Summ      Unusable   N/A       N/A         4
 Spellforged Servitor     Conj/Summ      Unusable   N/A       N/A         7
 Summon Hydra             Summ           Unusable   N/A       N/A         7

Dungeon Overview and Level Annotations

Branches:
Dungeon (5/15)             Temple (1/1) D:4           Sewer (visited)

Altars:
Ashenzari
Cheibriados
Dithmenos
Elyvilon
Fedhas
Kikubaaqudgha
Makhleb
Nemelex Xobeh
Okawaru
Ru
Uskayaw
Vehumet
Yredelemnul

Shops:
D:3 (   D:4 =?(


Innate Abilities, Weirdness & Mutations

You are small and have problems with some larger weapons.
You are completely attuned to the shadows.
You have sharp toenails.
Your flesh is cold resistant. (rC+)


Message History

You shoot an arrow.
The arrow hits the vampire but does no damage.
The vampire is moderately damaged.
The vampire closely misses you. The vampire bites you!
The vampire draws strength from your injuries!
You shoot an arrow. The arrow barely misses the vampire.
The vampire misses you. The vampire bites you.
The vampire draws strength from your injuries!
You shoot an arrow. The arrow hits the vampire.
The arrow burns the vampire.
The vampire is lightly damaged.
The vampire completely misses you. The vampire closely misses you.
You shoot an arrow.
The arrow hits the vampire but does no damage.
The vampire is lightly damaged.
The vampire hits you.
The vampire bites you but does no damage.
You shoot an arrow. The arrow hits the vampire.
The arrow burns the vampire.
The vampire is moderately damaged.
The vampire closely misses you. x2
Okay, then.
You shoot an arrow.
The arrow hits the vampire but does no damage.
The vampire is moderately damaged.
The vampire completely misses you. The vampire closely misses you.
You shoot an arrow. The arrow closely misses the vampire.
The vampire barely misses you. The vampire bites you!
The vampire draws strength from your injuries!
You shoot an arrow.
The arrow hits the vampire but does no damage.
The vampire is lightly damaged.
The vampire misses you. The vampire completely misses you.
You shoot an arrow. The arrow closely misses the vampire.
The vampire hits you.
The vampire bites you but does no damage.
You shoot an arrow.
The arrow hits the vampire but does no damage.
The vampire is lightly damaged.
The vampire hits you!
* * * LOW HITPOINT WARNING * * *
The vampire bites you.
You die...

#.# #....##
#.# ####.##
#.# #..#
#.# ##.#
#.# .......
#.#
######.#
..... #..
.......#
... ###
########
#V# # #@#
#########.#
#...†.....#
#.#########
#.# #.# #.#
########.#
.........#


You could see a vampire.

Vanquished Creatures
  Prince Ribbit (D:5)
  Sigmund (D:2)
  An ogre (D:5)
  A phantom (D:4)
  A kobold brigand (Sewer)
  3 killer bees (D:4)
  A hound (D:5)
  2 jellies (D:4)
  2 orc priests (D:4)
  An iguana (D:5)
  Ijyb (D:4)
  2 orc wizards
  7 gnolls
  8 adders
  8 river rats
  3 dart slugs
  12 orcs
  9 endoplasms
  5 giant cockroaches
  10 goblins
  7 hobgoblins
  9 jackals
  2 quokkas
  17 ball pythons
  6 bats
  A frilled lizard (Sewer)
  18 kobolds
  29 rats
168 creatures vanquished.

Notes
Turn   | Place    | Note
-------+----------+-------------------------------------------
     0 | D:1      | Newt the Kobold Hunter began the quest for the Orb.
     0 | D:1      | Reached XP level 1. HP: 12/12 MP: 1/1
   131 | D:1      | Reached XP level 2. HP: 18/18 MP: 2/2
   248 | D:1      | Reached skill level 6 in Ranged Weapons
   291 | D:1      | Reached XP level 3. HP: 22/22 MP: 3/3
   927 | D:2      | Reached XP level 4. HP: 28/28 MP: 4/4
  1049 | D:2      | Noticed Sigmund
  1066 | D:2      | Killed Sigmund
  1067 | D:2      | Reached skill level 8 in Ranged Weapons
  1067 | D:2      | Reached XP level 5. HP: 13/33 MP: 5/5
  1067 | D:2      | Reached XP level 6. HP: 15/38 MP: 6/6
  1975 | D:3      | You fall into a shaft and drop 1 floor!
  1975 | D:4      | Found a glowing drain.
  1986 | Sewer    | Entered a sewer
  2190 | Sewer    | Gained mutation: Your flesh is cold resistant. (rC+)
                  | [potion of mutation]
  2190 | Sewer    | Gained mutation: You have sharp toenails. [potion of
                  | mutation]
  2382 | Sewer    | Reached skill level 9 in Ranged Weapons
  2382 | Sewer    | Reached XP level 7. HP: 17/44 MP: 7/7
  2880 | D:4      | Reached skill level 5 in Fighting
  3247 | D:4      | Reached skill level 10 in Ranged Weapons
  3392 | D:4      | Found Uxahilycu's Jewellery Boutique.
  3394 | D:4      | Found Lidik's Magic Scroll Boutique.
  3394 | D:4      | Noticed Ijyb
  3414 | D:4      | Killed Ijyb
  3531 | D:4      | Reached XP level 8. HP: 50/50 MP: 8/8
  3543 | D:4      | Found Rinloan's Weapon Boutique.
  3546 | D:4      | Bought a scroll of identify for 26 gold pieces
  3546 | D:4      | Bought a scroll of identify for 26 gold pieces
  3623 | D:4      | Found a staircase to the Ecumenical Temple.
  3803 | Temple   | Entered the Ecumenical Temple
  3808 | Temple   | Became a worshipper of Warmaster Okawaru
  4083 | D:4      | Bought a scroll of enchant weapon for 97 gold pieces
  4097 | D:5      | Entered Level 5 of the Dungeon
  4316 | D:3      | Found Sekkelag's Weapon Shoppe.
  5225 | D:5      | Identified the +1 trident "Iddeox" {freeze, rC+ rCorr
                  | Str+2}
  5297 | D:5      | Reached skill level 5 in Dodging
  5794 | D:5      | Noticed Prince Ribbit
  5802 | D:5      | Killed Prince Ribbit
  5889 | D:5      | Noticed a vampire
  5903 | D:5      | Slain by a vampire

Illustrated notes

Levels and vault maps discovered:
D:1:      ncdulo_watergridlock, layout_loops_ring, serial_aquarium,
          aquarium_bridge_square [aquarium_subvault_bridge,
          aquarium_subvault_bridge, aquarium_subvault_bridge,
          aquarium_subvault_wall], aquarium_window_corridor_1,
          aquarium_window_2, aquarium_window_1, aquarium_view_2g,
          aquarium_balcony_3b, aquarium_pool_side
D:2:      minmay_inner_zag, layout_basic, uniq_sigmund
D:3:      layout_loops_corners, serial_shops, shop
D:4:      layout_basic, minmay_temple_entry_arrows, gup_sewer_entry_bubbles,
          nicolae_shop_distant_corner_stores, uniq_ijyb
D:5:      layout_basic, uniq_prince_ribbit1
Temple:   cyrus_circular_temple

Skill      XL: |  1  2  3  4  5  6  7  8 |
---------------+-------------------------+-----
Ranged Weapons | 6 8 9 10 | 10.1
Fighting       | 3 4 5 6 |  6.8
Dodging        | 3 6 |  6.4
Stealth        | |  1.3

Action                     |  1- 3 |  4- 6 |  7- 9 || total
---------------------------+-------+-------+-------++-------
   Fire: Shortbow          |    82 |   181 |   251 ||   514
    Use: Scroll            |       |     8 |     2 ||    10
         Potion            |       |     2 |       ||     2
 Armour: Leather armour    |    10 |    63 |    69 ||   142
  Dodge: Dodged            |    30 |    91 |   119 ||   240

Table legend: (Time is in decaauts)
 A = Elapsed time spent in this place.
 B = Non-inter-level travel time spent in this place.
 C = Inter-level travel time spent in this place.
 D = Time resting spent in this place.
 E = Time spent auto-exploring this place.
 F = Levels seen in this place.
 G = Mean time per level.
                   A        B        C        D        E       F      G
               +--------+--------+--------+--------+--------+-----+--------+
         Total |   5948 |   5614 |    334 |    856 |   3930 |   7 |  849.7 |
       Dungeon |   5121 |   4796 |    325 |    614 |   3567 |   5 | 1024.2 |
        Temple |     10 |      1 |      9 |      0 |      0 |   1 |   10.0 |
         Sewer |    816 |    816 |      0 |    242 |    362 |   1 |  816.0 |
               +--------+--------+--------+--------+--------+-----+--------+

Top non-repeatable levels by time:
     D:4: 1379 daAuts
     D:2: 1055 daAuts
     D:3: 1022 daAuts
     D:5: 845 daAuts
     D:1: 817 daAuts
   Sewer: 816 daAuts
  Temple: 10 daAuts
